 Dungeon Crawl Stone Soup version 0.29-a0-1023-g6ae1a4a2c7 (webtiles) character file.

Game seed: 8517989329267817616

56 KleinerIrrer the Insei (level 4, -1/52 HPs)
             Began as a Meteoran Transmuter on Aug 11, 2022.
             Slain by a goblin
             ... wielding a +0 club
             ... led by Robin
              (3 damage)
             ... on level 3 of the Dungeon.
             The game lasted 00:03:17 (585 turns).

KleinerIrrer the Insei (Meteoran Transmuter)         Turns: 585, Time: 00:03:18

Health: -1/52      AC: 22    Str: 13    XL:     4   Next: 37%
Magic:  9/9        EV:  2    Int: 14    God:
Gold:   38         SH:  0    Dex: 15    Spells: 7/8 levels left

rFire   . . .      SeeInvis .   d - +2 short sword (elec)
rCold   . . .      Faith    .   (no shield)
rNeg    . . .      Spirit   .   (body armour currently unavailable)
rPois   +          Reflect  .   (helmet currently unavailable)
rElec   .          Harm     .   (cloak currently unavailable)
rCorr   .          Rampage  .   (gloves currently unavailable)
Will    .....      NoTele   +   (boots currently unavailable)
Stlth   +.........              e - amulet of magic regeneration
HPRegen 0.17/turn               (no ring)
MPRegen 0.51/turn               (no ring)

@: lethally poisoned (-1 -> -8), tree-form, glowing
A: stationary, stasis, torment immunity, boosted hp, sense surroundings 1,
otherworldly, glowing, explore regen
a: no special abilities


You were on level 3 of the Dungeon.
You were a tree.
You visited 1 branch of the dungeon, and saw 3 of its levels.

You collected 38 gold pieces.

Inventory:

Hand Weapons
 d - a +2 short sword of electrocution (weapon)
Armour
 a - a +0 robe (melded)
Jewellery
 e - an amulet of magic regeneration (around neck)
Scrolls
 c - 3 scrolls of fog {unknown}
 f - 2 scrolls of identify {unknown}
 i - a scroll of teleportation {unknown}
Potions
 g - 2 potions of attraction {unknown}
 h - 2 potions of heal wounds {unknown}


   Skills:
 - Level 1.1 Fighting
 - Level 2.4 Dodging
 + Level 5.7 Unarmed Combat
 - Level 2.6 Spellcasting
 - Level 2.4 Transmutations


You had 7 spell levels left.
You knew the following spells:

 Your Spells              Type           Power      Damage    Failure   Level
a - Beastly Appendage     Tmut           16%        N/A       9%          1

Your spell library contained the following spells:

 Spells                   Type           Power      Damage    Failure   Level
 Wereblood                Tmut           8%         N/A       12%         2
 Spider Form              Tmut/Pois      5%         N/A       38%         3
 Ice Form                 Ice/Tmut       5%         N/A       80%         4


Dungeon Overview and Level Annotations

Branches:
Dungeon (3/15) Zot: 1209

Altars:


Innate Abilities, Weirdness & Mutations

You are a tree.
Your roots penetrate the ground, keeping you stationary.
You cannot be teleported.
You are immune to unholy pain and torment.
Your maximum health is greatly increased.
Your equipment is partially melded.
You passively map a small area around you.
You are easily found by Zot.
You glow in the dark.
You regain HP and MP as you explore.


Message History

You hit the adder.
The adder is moderately wounded.
The adder bites you.
You are poisoned.
The adder poisons you!
A goblin comes into view. It is wielding a +0 dagger.
The frilled lizard misses you. The adder bites you.
You are more poisoned.
The adder poisons you!
You hit the adder.
The adder is almost dead.
You feel very sick. The frilled lizard bites you.
The adder bites you but does no damage. The frilled lizard bites you.
You closely miss the adder.
The adder is almost dead.
You feel sick. The adder bites you.
You are lethally poisoned!
The adder poisons you! The goblin closely misses you.
The frilled lizard closely misses you. The adder barely misses you.
You closely miss the adder.
The adder is almost dead.
* * * LOW HITPOINT WARNING * * *
You feel very sick. The adder bites you.
* * * LOW HITPOINT WARNING * * *
The goblin hits you with a +0 club.
* * * LOW HITPOINT WARNING * * *
The frilled lizard bites you.
* * * LOW HITPOINT WARNING * * *
Really quaff the potion of lignification?
Okay, then.
Really quaff the potion of lignification?
You turn into a tree.
Your +0 robe melds into your body.
Your roots penetrate the ground.
* * * LOW HITPOINT WARNING * * *
You feel sick. The adder bites you but does no damage.
A goblin comes into view. It is wielding a +0 dagger.
The goblin hits you with a +0 club.
You die...

###..#.†.###### ,
, * * #
#...<..#** ## ,
,, .....#.#)).#
... , * *
####.#.#...# ....
, ##...#...#
..... ,
.........#......
.#####....[.....,
, * #..........,
, , #♣##....... *
#Slg........ *
*....###......
...g..# ......
.......## ####.#
* .#.##.. .# ...
... * *#. ...g ,
* *


You could see an adder, 3 goblins and a frilled lizard.

Vanquished Creatures
  Jessica (D:2)
  A dart slug (D:3)
  An endoplasm (D:1)
  A giant cockroach (D:1)
  7 goblins
  2 hobgoblins (D:1)
  4 kobolds (D:1)
  2 quokkas
  3 ball pythons
  2 bats
  2 rats (D:1)
26 creatures vanquished.

Notes
Turn   | Place    | Note
-------+----------+-------------------------------------------
     0 | D:1      | KleinerIrrer the Meteoran Transmuter began the quest for
                  | the Orb.
     0 | D:1      | Reached XP level 1. HP: 16/16 MP: 5/5
    69 | D:1      | Reached skill level 4 in Unarmed Combat
    84 | D:1      | Reached XP level 2. HP: 20/23 MP: 6/6
   418 | D:2      | Reached XP level 3. HP: 28/28 MP: 8/8
   447 | D:2      | Noticed Jessica
   456 | D:2      | Killed Jessica
   457 | D:2      | Reached skill level 5 in Unarmed Combat
   457 | D:2      | Reached XP level 4. HP: 35/35 MP: 9/9
   585 | D:3      | HP: 2/52 [poisoned by an adder]
   585 | D:3      | Slain by a goblin

Illustrated notes

Levels and vault maps discovered:
D:1:      dpeg_arrival_rooms_b, layout_basic
D:2:      layout_loops_ring, uniq_sigmund, uniq_jessica, uniq_terence
D:3:      layout_rooms, uniq_robin

Skill      XL: |  1  2  3 |
---------------+----------+-----
Unarmed Combat | 4 5 |  5.7
Fighting       | |  1.1
Dodging        | |  2.4
Spellcasting   | |  2.6
Transmutations | |  2.4

Action                   |  1- 3 |  4- 6 || total
-------------------------+-------+-------++-------
Melee: Unarmed           |     9 |       ||     9
       Short sword       |    29 |    30 ||    59
       Punch             |     1 |       ||     1
  Use: Potion            |       |     1 ||     1
Armor: Robe              |     5 |     7 ||    12
       Skin              |       |     1 ||     1
Dodge: Dodged            |    21 |    19 ||    40

Table legend: (Time is in decaauts)
 A = Elapsed time spent in this place.
 B = Non-inter-level travel time spent in this place.
 C = Inter-level travel time spent in this place.
 D = Time resting spent in this place.
 E = Time spent auto-exploring this place.
 F = Levels seen in this place.
 G = Mean time per level.
                   A        B        C        D        E       F      G
               +--------+--------+--------+--------+--------+-----+--------+
         Total |    589 |    192 |    397 |      0 |      5 |   3 |  196.3 |
       Dungeon |    589 |    192 |    397 |      0 |      5 |   3 |  196.3 |
               +--------+--------+--------+--------+--------+-----+--------+

Top non-repeatable levels by time:
     D:1: 416 daAuts
     D:2: 97 daAuts
     D:3: 76 daAuts
